EL
COLUMBIA FIREFLIES @ HARRISBURG SENATORS
08/29/2049
 
TOP OF THE 1ST
Columbia Fireflies batting - Pitching for Harrisburg Senators : RHP Josh Wellman
Pitching: RHP Josh Wellman
Batting: SHB Detlef Oursler 0-0: Called Strike
0-1: Ball
1-1: Called Strike
1-2: Strikes out swinging
Batting: RHB Oscar Bravo 0-0: Ball
1-0: Called Strike
1-1: Ball
2-1: SINGLE (Groundball, 6MS, EV 68.1 MPH) (infield hit)
Batting: LHB Bayesa Mundhir 0-0: Swinging Strike
0-1: Ball
1-1: Called Strike
1-2: Strikes out swinging
Batting: LHB Tony Leyba 0-0: Called Strike
0-1: SINGLE (Flyball, 78S, EV 94.4 MPH)
Oscar Bravo to second
Batting: LHB Dan Bremseth 0-0: Foul Ball, location: 2F
0-1: Ball
1-1: SINGLE (Line Drive, 8RS, EV 87.5 MPH)
Oscar Bravo to third
Tony Leyba to second
Runner from 3rd tries for Home, SAFE, throw by CF to home
Batting: SHB Jerry Burrows 0-0: Called Strike
0-1: Ball
1-1: Ground out 4-3 (Groundball, 4S, EV 66.2 MPH)
Top of the 1st over - 1 run, 3 hits, 0 errors, 2 left on base; Columbia 1 - Harrisburg 0
BOTTOM OF THE 1ST
Harrisburg Senators batting - Pitching for Columbia Fireflies : RHP Antonio Perez
Pitching: RHP Antonio Perez
Batting: LHB Chris Williams 0-0: Called Strike
0-1: Ball
1-1: Ball
2-1: Foul Ball, location: 2F
2-2: SOLO HOME RUN (Flyball, 9D, EV 93.8 MPH), Distance : 378 ft
Batting: RHB Ryan Hiemer 0-0: Ball
1-0: SINGLE (Groundball, 4MD, EV 106.9 MPH)
Batting: RHB Antonio Laurel 0-0: Called Strike
0-1: Ball
1-1: Ball
2-1: Called Strike
2-2: 2-RUN HOME RUN (Flyball, 7D, EV 106.9 MPH), Distance : 402 ft
Batting: LHB Kevin Kantor 0-0: Called Strike
0-1: Ball
1-1: Foul Ball, location: 2F
1-2: Ball
2-2: Fly out, F9 (Line Drive, 9, EV 95.6 MPH)
Batting: RHB Er Le 0-0: Ball
1-0: Called Strike
1-1: Swinging Strike
1-2: Ball
2-2: Ball
3-2: Foul Ball, location: 2F
3-2: Foul Ball, location: 2F
3-2: Foul Ball, location: 2F
3-2: Foul Ball, location: 2F
3-2: Base on Balls
Batting: RHB Bobby Bricker 0-0: Ball
1-0: Foul Ball, location: 2F
1-1: Called Strike
1-2: Strikes out swinging
Batting: SHB Curtis DeLille 0-0: Foul Ball, location: 2F
0-1: Ball
Er Le is caught stealing 2nd base 2-6
Bottom of the 1st over - 3 runs, 3 hits, 0 errors, 0 left on base; Columbia 1 - Harrisburg 3
TOP OF THE 2ND
Columbia Fireflies batting - Pitching for Harrisburg Senators : RHP Josh Wellman
Batting: RHB Larry Shoop 0-0: Ball
1-0: Foul Ball, location: 2F
1-1: Ball
2-1: SOLO HOME RUN (Flyball, 7D, EV 96.9 MPH), Distance : 373 ft
Batting: LHB Miguel Ramos 0-0: Ball
1-0: Called Strike
1-1: Foul Ball, location: 2F
1-2: Foul Ball, location: 2F
1-2: Ball
2-2: Ground out 6-3 (Groundball, 4, EV 88.8 MPH)
Batting: RHB David Reyna 0-0: Ball
1-0: Called Strike
1-1: Ball
2-1: Ball
3-1: Reached via error on a dropped throw from 1B, E1 (Groundball, 34, EV 106.9 MPH)
Batting: SHB Detlef Oursler 0-0: Called Strike
0-1: DOUBLE (Groundball, 5L, EV 96.2 MPH)
David Reyna to third
Batting: RHB Oscar Bravo 0-0: Foul Ball, location: 2F
0-1: Ball
1-1: Foul Ball, location: 2F
1-2: SINGLE (Line Drive, 7S, EV 101.9 MPH)
David Reyna scores
Detlef Oursler to third
Runner from 3rd tries for Home, SAFE, throw by LF to home
Batting: LHB Bayesa Mundhir 0-0: Called Strike
0-1: Ball
Oscar Bravo is caught stealing 2nd base 2-6
1-1: Ball
2-1: Foul Ball, location: 2F
2-2: Ball
3-2: Foul Ball, location: 2F
3-2: Fly out, F9 (Flyball, 9, EV 87.5 MPH)
Top of the 2nd over - 3 runs, 3 hits, 1 error, 0 left on base; Columbia 4 - Harrisburg 3
BOTTOM OF THE 2ND
Harrisburg Senators batting - Pitching for Columbia Fireflies : RHP Antonio Perez
Batting: SHB Curtis DeLille 0-0: Foul Ball, location: 2F
0-1: Ball
1-1: Ground out 6-3 (Groundball, 56D, EV 85.0 MPH)
Batting: RHB Roger Simmons 0-0: Fly out, F6 (Line Drive, 6M, EV 73.1 MPH)
Batting: RHB Willie de los Santos 0-0: Called Strike
0-1: Ball
1-1: Ball
2-1: Swinging Strike
2-2: Strikes out swinging
Bottom of the 2nd over - 0 runs, 0 hits, 0 errors, 0 left on base; Columbia 4 - Harrisburg 3
TOP OF THE 3RD
Columbia Fireflies batting - Pitching for Harrisburg Senators : RHP Josh Wellman
Batting: LHB Tony Leyba 0-0: Swinging Strike
0-1: Ball
1-1: Foul Ball, location: 2F
1-2: Foul Ball, location: 2F
1-2: Ball
2-2: Ball
3-2: Strikes out swinging
Batting: LHB Dan Bremseth 0-0: Swinging Strike
0-1: Foul Ball, location: 2F
0-2: Strikes out swinging
Batting: SHB Jerry Burrows 0-0: Called Strike
0-1: Fly out, F6 (Popup, 6, EV 69.4 MPH)
Top of the 3rd over - 0 runs, 0 hits, 0 errors, 0 left on base; Columbia 4 - Harrisburg 3
BOTTOM OF THE 3RD
Harrisburg Senators batting - Pitching for Columbia Fireflies : RHP Antonio Perez
Batting: LHB Chris Williams 0-0: Ball
1-0: Ball
2-0: Foul Ball, location: 2F
2-1: Ball
3-1: SINGLE (Groundball, 4MS, EV 63.8 MPH) (infield hit)
Batting: RHB Ryan Hiemer 0-0: Called Strike
0-1: Swinging Strike
0-2: Strikes out swinging
Batting: RHB Antonio Laurel 0-0: Swinging Strike
0-1: Ball
1-1: Foul Ball, location: 2F
1-2: Foul Ball, location: 2F
1-2: Ball
2-2: Foul Ball, location: 2F
2-2: Grounds into double play, 6-4-3 (Groundball, 6, EV 81.2 MPH)
Bottom of the 3rd over - 0 runs, 1 hit, 0 errors, 0 left on base; Columbia 4 - Harrisburg 3
TOP OF THE 4TH
Columbia Fireflies batting - Pitching for Harrisburg Senators : RHP Josh Wellman
Batting: RHB Larry Shoop 0-0: Called Strike
0-1: Ground out 5-3 (Groundball, 5, EV 95.0 MPH)
Batting: LHB Miguel Ramos 0-0: Swinging Strike
0-1: Ball
1-1: Ball
2-1: Swinging Strike
2-2: Strikes out swinging
Batting: RHB David Reyna 0-0: Called Strike
0-1: Foul Ball, location: 2F
0-2: Ball
1-2: DOUBLE (Groundball, 5L, EV 108.1 MPH)
Batting: SHB Detlef Oursler 0-0: Called Strike
0-1: Fly out, F7 (Flyball, 78S, EV 80.6 MPH)
Top of the 4th over - 0 runs, 1 hit, 0 errors, 1 left on base; Columbia 4 - Harrisburg 3
BOTTOM OF THE 4TH
Harrisburg Senators batting - Pitching for Columbia Fireflies : RHP Antonio Perez
Batting: LHB Kevin Kantor 0-0: Called Strike
0-1: SOLO HOME RUN (Flyball, 89XD, EV 102.5 MPH), Distance : 406 ft
Batting: RHB Er Le 0-0: Foul Ball, location: 2F
0-1: TRIPLE (Flyball, 89XD, EV 98.1 MPH)
Batting: RHB Bobby Bricker 0-0: Ball
1-0: Called Strike
1-1: Called Strike
1-2: Strikes out looking
Batting: SHB Curtis DeLille 0-0: Ball
1-0: Fly out, F8 (Flyball, 8RD, EV 93.1 MPH)
Runner from 3rd tags up, SCORES, throw by CF
Batting: RHB Roger Simmons 0-0: Called Strike
0-1: Called Strike
0-2: Strikes out looking
Bottom of the 4th over - 2 runs, 2 hits, 0 errors, 0 left on base; Columbia 4 - Harrisburg 5
TOP OF THE 5TH
Columbia Fireflies batting - Pitching for Harrisburg Senators : RHP Josh Wellman
Batting: RHB Oscar Bravo 0-0: Ball
1-0: Called Strike
1-1: Ball
2-1: Ball
3-1: Base on Balls
Batting: LHB Bayesa Mundhir 0-0: Called Strike
0-1: Foul Ball, location: 2F
0-2: Strikes out swinging
Batting: LHB Tony Leyba 0-0: Ball
1-0: Ball
2-0: Foul Ball, location: 2F
2-1: Fielders Choice at 2nd, 6-4 (Groundball, 6M, EV 82.5 MPH)
Batting: LHB Dan Bremseth 0-0: Ball
1-0: Ball
2-0: Ground out 4-3 (Groundball, 4M, EV 108.1 MPH)
Top of the 5th over - 0 runs, 0 hits, 0 errors, 1 left on base; Columbia 4 - Harrisburg 5
BOTTOM OF THE 5TH
Harrisburg Senators batting - Pitching for Columbia Fireflies : RHP Antonio Perez
Batting: RHB Willie de los Santos 0-0: Foul Ball, location: 2F
0-1: Ball
1-1: Swinging Strike
1-2: Fly out, F8 (Flyball, 8RD, EV 82.5 MPH)
Batting: LHB Chris Williams 0-0: Called Strike
0-1: Foul Ball, location: 2F
0-2: Strikes out looking
Batting: RHB Ryan Hiemer 0-0: Called Strike
0-1: Ball
1-1: Foul Ball, location: 2F
1-2: Strikes out swinging
Bottom of the 5th over - 0 runs, 0 hits, 0 errors, 0 left on base; Columbia 4 - Harrisburg 5
TOP OF THE 6TH
Columbia Fireflies batting - Pitching for Harrisburg Senators : RHP Josh Wellman
Batting: SHB Jerry Burrows 0-0: Called Strike
0-1: Reached on error, E3 (Groundball, 34, EV 101.2 MPH)
Batting: RHB Larry Shoop 0-0: SINGLE (Line Drive, 7S, EV 95.0 MPH)
Jerry Burrows to second
Batting: LHB Miguel Ramos 0-0: Ball
1-0: Swinging Strike
1-1: Foul Ball, location: 2F
1-2: Foul Ball, location: 2F
1-2: Ball
2-2: Strikes out swinging
Pitching: LHP Johnny Busse
Batting: RHB David Reyna 0-0: Called Strike
0-1: Grounds into double play, 6-4-3 (Groundball, 56, EV 103.1 MPH)
Top of the 6th over - 0 runs, 1 hit, 1 error, 1 left on base; Columbia 4 - Harrisburg 5
BOTTOM OF THE 6TH
Harrisburg Senators batting - Pitching for Columbia Fireflies : RHP Antonio Perez
Pitching: RHP Mike Mojica
Batting: RHB Antonio Laurel 0-0: Ball
1-0: Ball
2-0: Called Strike
2-1: Ball
3-1: Foul Ball, location: 2F
3-2: Base on Balls
Batting: LHB Kevin Kantor 0-0: Ball
1-0: Fielders Choice at 2nd, 4-6 (Groundball, 4, EV 92.5 MPH)
Batting: RHB Er Le 0-0: Ball
1-0: Fielders Choice at 2nd, 5-4 (Groundball, 56, EV 88.8 MPH)
Batting: RHB Bobby Bricker 0-0: Called Strike
0-1: Foul Ball, location: 2F
0-2: Ball
Er Le is caught stealing 2nd base 2-4
Bottom of the 6th over - 0 runs, 0 hits, 0 errors, 0 left on base; Columbia 4 - Harrisburg 5
TOP OF THE 7TH
Columbia Fireflies batting - Pitching for Harrisburg Senators : LHP Johnny Busse
Batting: SHB Detlef Oursler 0-0: Called Strike
0-1: Foul Ball, location: 2F
0-2: Ball
1-2: Strikes out swinging
Batting: RHB Oscar Bravo 0-0: Foul Ball, location: 2F
0-1: Swinging Strike
0-2: Strikes out looking
Batting: LHB Bayesa Mundhir 0-0: Called Strike
0-1: Ball
1-1: Ball
2-1: Ball
3-1: Swinging Strike
3-2: Foul Ball, location: 2F
3-2: Fly out, F7 (Flyball, 7S, EV 89.4 MPH)
Top of the 7th over - 0 runs, 0 hits, 0 errors, 0 left on base; Columbia 4 - Harrisburg 5
BOTTOM OF THE 7TH
Harrisburg Senators batting - Pitching for Columbia Fireflies : RHP Mike Mojica
Batting: RHB Bobby Bricker 0-0: Foul Ball, location: 2F
0-1: Called Strike
0-2: Ball
1-2: Foul Ball, location: 2F
1-2: Ball
2-2: Ground out 6-3 (Groundball, 6S, EV 71.9 MPH)
Batting: SHB Curtis DeLille 0-0: Ground out 5-3 (Groundball, 56, EV 80.6 MPH)
Batting: RHB Roger Simmons 0-0: Called Strike
0-1: Called Strike
0-2: Foul Ball, location: 2F
0-2: Foul Ball, location: 2F
0-2: Ball
1-2: Ball
2-2: Fly out, F9 (Flyball, 89M, EV 78.1 MPH)
Bottom of the 7th over - 0 runs, 0 hits, 0 errors, 0 left on base; Columbia 4 - Harrisburg 5
TOP OF THE 8TH
Columbia Fireflies batting - Pitching for Harrisburg Senators : LHP Johnny Busse
Now at 2B: Victor Cintron
Batting: LHB Tony Leyba 0-0: Called Strike
0-1: Foul Ball, location: 2F
0-2: Ball
1-2: Strikes out swinging
Pinch Hitting: RHB Masaya Nakamura 0-0: Called Strike
0-1: SINGLE (Groundball, 25, EV 66.9 MPH) (infield hit)
Pinch Runner at 1st Reginald McDougall:
Batting: SHB Jerry Burrows 0-0: Ball
1-0: Foul Ball, location: 2F
1-1: Grounds into double play, 6-4-3 (Groundball, 56, EV 104.4 MPH)
Top of the 8th over - 0 runs, 1 hit, 0 errors, 0 left on base; Columbia 4 - Harrisburg 5
BOTTOM OF THE 8TH
Harrisburg Senators batting - Pitching for Columbia Fireflies : RHP Mike Mojica
Pitching: RHP Geoff McDaniel
Now in CF: Reginald McDougall
Now in RF: Larry Shoop
Batting: RHB Willie de los Santos 0-0: Called Strike
0-1: Ball
1-1: Ball
2-1: Foul Ball, location: 2F
2-2: Ball
3-2: Base on Balls
Batting: LHB Chris Williams 0-0: Bunted foul
0-1: Bunt missed!
0-2: Ball
1-2: Fielders Choice at 2nd, 2-4 (Groundball, 15S, EV 68.8 MPH)
Batting: RHB Ryan Hiemer 0-0: Called Strike
0-1: Ball
1-1: Grounds into double play, 4-6-3 (Groundball, 34, EV 86.9 MPH)
Bottom of the 8th over - 0 runs, 0 hits, 0 errors, 0 left on base; Columbia 4 - Harrisburg 5
TOP OF THE 9TH
Columbia Fireflies batting - Pitching for Harrisburg Senators : LHP Johnny Busse
Pitching: RHP Stacey Kerssies
Batting: RHB Larry Shoop 0-0: Swinging Strike
0-1: Called Strike
0-2: Ball
1-2: Foul Ball, location: 2F
1-2: Ball
2-2: Fly out, F6 (Popup, 6S, EV 82.5 MPH)
Batting: LHB Miguel Ramos 0-0: Foul Ball, location: 2F
0-1: Swinging Strike
0-2: Ball
1-2: Fly out, F9 (Flyball, 89M, EV 93.8 MPH)
Batting: RHB David Reyna 0-0: Ball
1-0: Ball
2-0: SINGLE (Line Drive, 34, EV 96.9 MPH)
Batting: SHB Detlef Oursler 0-0: Ball
1-0: Ball
2-0: Ball
3-0: Called Strike
3-1: Called Strike
3-2: Strikes out swinging
Top of the 9th over - 0 runs, 1 hit, 0 errors, 1 left on base; Columbia 4 - Harrisburg 5
Sunday, July 16th , 2023 - OOTP Baseball 24.6 Build 69